[Event "Titled Tuesday Blitz January 10 Late 2023"]
[White "Gerbelli Neto, Eduardo"]
[Black "Barria Zuniga, Daniel"]
[WhiteFideId "2103281"]
[BlackFideId "3400816"]
[WhiteElo "2114"]
[BlackElo "2341"]
[Result "0-1"]
[Round "06"]
[TimeControl "180+2"]
[Date "2023.01.10"]
[WhiteClock "0:00:03"]
[BlackClock "0:00:04"]

1. e4 c5 2. Nc3 Nc6 3. f4 g6 4. Nf3 Bg7 5. Bc4 Na5 6. Be2 a6 7. O-O b5 8. Qe1 d6 9. d3 Nc6 10. Qg3 e6 11. f5 Nf6 12. Bg5 exf5 13. Nd5 h6 14. Bxf6 Bxf6 15. exf5 Bxf5 16. c3 O-O 17. h4 Bg7 18. h5 Ne5 19. Nh4 Be6 20. Nf4 g5 21. Nxe6 fxe6 22. Nf3 Qe7 23. d4 cxd4 24. Nxd4 Rxf1+ 25. Rxf1 Rf8 26. Rxf8+ Bxf8 27. Bg4 Nxg4 28. Qxg4 e5 29. Nf5 Qe6 30. Qf3 d5 31. g4 Bc5+ 32. Kg2 e4 33. Qg3 e3 34. Qb8+ Bf8 35. Kf1 Qe4 36. Qc7 Qf4+ 37. Ke2 Qxc7 0-1


[Site "https://www.chess.com"]

[Event "Titled Tuesday Blitz January 10 Late 2023"]
[White "Silva, Caio Henrique Angelico"]
[Black "Reprintsev, Alexander"]
[WhiteFideId "22777210"]
[BlackFideId "14100541"]
[WhiteElo "2129"]
[BlackElo "2253"]
[Result "1-0"]
[Round "06"]
[TimeControl "180+2"]
[Date "2023.01.10"]
[WhiteClock "0:01:44"]
[BlackClock "0:00:10"]

1. Nf3 d5 2. g3 Nc6 3. d4 Bf5 4. Bg2 Nb4 5. Na3 e6 6. O-O h6 7. Ne5 Nf6 8. c3 Be7 9. cxb4 O-O 10. b5 Qe8 11. Qb3 Ne4 12. Nc2 f6 13. Nd3 Nd6 14. Ne3 Bxd3 15. Qxd3 Qxb5 16. Qxb5 Nxb5 17. Rd1 Kf7 18. Nc2 f5 19. a4 Nd6 20. Ne1 c6 21. Nd3 Bf6 22. e3 b6 23. b3 Rfc8 24. Ba3 Ne4 25. Rac1 Rc7 26. Rc2 Rac8 27. Rdc1 g5 28. f3 1-0


[Site "https://www.chess.com"]

[Event "Titled Tuesday Blitz January 10 Late 2023"]
[White "Womacka, Mathias"]
[Black "Rose, Felix"]
[WhiteFideId "4611390"]
[BlackFideId "5105722"]
[WhiteElo "2396"]
[BlackElo "2091"]
[Result "1-0"]
[Round "06"]
[TimeControl "180+2"]
[Date "2023.01.10"]
[WhiteClock "0:02:21"]
[BlackClock "0:02:26"]

1. e4 e5 2. Nf3 Nc6 3. Bb5 a6 4. Bxc6 dxc6 5. O-O Bg4 6. h3 h5 7. d3 Qf6 8. Nbd2 g5 9. Nc4 Bxf3 10. Qxf3 Qxf3 11. gxf3 f6 12. Be3 c5 13. Rfd1 Ne7 14. Bxc5 Ng6 15. Be3 Nh4 16. Nd2 O-O-O 17. Kf1 Bb4 18. c3 Ba5 19. Ke2 Bb6 20. Bxb6 cxb6 21. Nc4 b5 22. Ne3 Rd7 23. Nd5 f5 24. Nb6+ 1-0


[Site "https://www.chess.com"]

[Event "Titled Tuesday Blitz January 10 Late 2023"]
[White "Necromon"]
[Black "Zampronha, Wladimir Camilo"]
[BlackFideId "2103087"]
[WhiteElo "2454"]
[BlackElo "2176"]
[Result "1/2-1/2"]
[Round "06"]
[TimeControl "180+2"]
[Date "2023.01.10"]
[WhiteClock "0:00:16"]
[BlackClock "0:00:20"]

1. Nf3 Nf6 2. g3 e6 3. Bg2 d5 4. O-O Be7 5. c4 O-O 6. cxd5 exd5 7. d4 c6 8. Nc3 Bf5 9. Qb3 Qb6 10. Qxb6 axb6 11. Ne5 Nbd7 12. f4 Rfe8 13. h3 h5 14. e3 b5 15. a4 Bc2 16. a5 Bb4 17. Rf2 Bf5 18. Bd2 Rxa5 19. Rxa5 Bxa5 20. Nxd5 Bxd2 21. Nxf6+ gxf6 22. Nxd7 Bxd7 23. Rxd2 Rxe3 24. Kf2 Rb3 25. d5 c5 26. d6 Kf8 27. Bxb7 Ke8 28. Re2+ Kd8 29. Bd5 c4 30. Bxf7 Bxh3 31. Bxh5 Kd7 32. Rd2 Bf5 33. Be2 Bd3 34. Bxd3 cxd3 35. Ke3 f5 36. Rxd3 Rxb2 37. Rd5 Rb3+ 38. Kd4 b4 39. Rxf5 Rxg3 40. Rb5 Kxd6 41. Rb6+ Ke7 42. Rxb4 Kf6 43. Ke4 Rg1 44. Rb6+ Kf7 45. Ke5 Re1+ 46. Kf5 Re7 47. Ra6 Rb7 48. Kg5 Rc7 49. Rh6 Kg7 50. f5 Rc1 51. f6+ Kg8 52. Rg6+ Kf7 53. Rg7+ Kf8 54. Kg6 Rg1+ 55. Kh7 Rh1+ 56. Kg6 Rg1+ 57. Kh6 Rh1+ 58. Kg6 Rg1+ 1/2-1/2


[Site "https://www.chess.com"]

[Event "Titled Tuesday Blitz January 10 Late 2023"]
[White "Jodorcovsky Werjivker, Paulo"]
[Black "Novikova, Galina"]
[WhiteFideId "3700305"]
[BlackFideId "4157095"]
[WhiteElo "2182"]
[BlackElo "2073"]
[Result "0-1"]
[Round "06"]
[TimeControl "180+2"]
[Date "2023.01.10"]
[WhiteClock "0:00:48"]
[BlackClock "0:01:56"]

1. e4 e6 2. d4 d5 3. Nd2 Nc6 4. Ngf3 g5 5. Bb5 Bd7 6. exd5 exd5 7. c3 Qf6 8. Qe2+ Nge7 9. Bxc6 Bxc6 10. Nb3 h6 11. Ne5 O-O-O 12. Bd2 Ng6 13. Qg4+ Kb8 14. Nxg6 Qxg6 15. O-O Bd6 16. f4 f5 17. Qh3 g4 18. Qg3 h5 19. h4 Be7 20. Rae1 Qf6 21. Re5 Rdf8 22. Qe3 Bd6 23. Re6 Qxh4 24. Be1 Qd8 25. g3 Re8 26. Kg2 Qd7 27. Rxe8+ Rxe8 28. Qd2 Bb5 29. Rf2 Qe7 0-1


[Site "https://www.chess.com"]

[Event "Titled Tuesday Blitz January 10 Late 2023"]
[White "Miszler, Levente"]
[Black "Floresvillar Gonzalez, Luis Migu"]
[WhiteFideId "763276"]
[BlackFideId "5100542"]
[WhiteElo "2271"]
[BlackElo "2043"]
[Result "1/2-1/2"]
[Round "06"]
[TimeControl "180+2"]
[Date "2023.01.10"]
[WhiteClock "0:00:08"]
[BlackClock "0:00:09"]

1. d4 d5 2. Nf3 c6 3. g3 Bg4 4. Bg2 Nd7 5. O-O e6 6. c4 Ngf6 7. Qb3 Qb6 8. Nbd2 Bd6 9. h3 Bxf3 10. Nxf3 dxc4 11. Qxc4 O-O 12. b3 Rac8 13. Be3 Nd5 14. Nd2 Nxe3 15. fxe3 c5 16. Qd3 cxd4 17. exd4 Rfd8 18. Nc4 Qc7 19. Nxd6 Qxd6 20. Bxb7 Rc7 21. Bg2 Nf6 22. Rfd1 g6 23. g4 Rcd7 24. Qf3 Qe7 25. e3 h5 26. g5 Nd5 27. h4 e5 28. dxe5 Qxe5 29. Rd3 Nb4 30. Rxd7 Rxd7 31. Rf1 Nxa2 32. Qc6 Qxe3+ 33. Kh1 Re7 34. Qc8+ Kg7 35. Qc4 Nc3 36. Rf3 Qe1+ 37. Kh2 Ne4 38. Qd4+ Kh7 39. Qc4 Nd2 40. Rxf7+ Rxf7 41. Qxf7+ Kh8 42. Qf8+ Kh7 43. Qh6+ Kg8 44. Qxg6+ Kf8 45. Qf6+ Ke8 46. Qg6+ Ke7 47. Qxh5 Qe5+ 48. Kh1 Qe1+ 49. Kh2 Qe5+ 50. Kh3 Qe3+ 51. Kh2 Qe5+ 1/2-1/2


[Site "https://www.chess.com"]

[Event "Titled Tuesday Blitz January 10 Late 2023"]
[White "Simonovic, Miroslav"]
[Black "Melikhov, Evgeny V."]
[WhiteFideId "919152"]
[BlackFideId "4122046"]
[WhiteElo "2082"]
[BlackElo "2269"]
[Result "1/2-1/2"]
[Round "06"]
[TimeControl "180+2"]
[Date "2023.01.10"]
[WhiteClock "0:00:14"]
[BlackClock "0:00:13"]

1. d4 Nf6 2. Bg5 e6 3. e4 h6 4. Bxf6 Qxf6 5. Qd3 d5 6. e5 Qd8 7. Nd2 c5 8. c3 Nc6 9. f4 Qb6 10. Ngf3 Bd7 11. Qb5 O-O-O 12. Qxb6 axb6 13. O-O-O Kb8 14. Bb5 cxd4 15. cxd4 Nb4 16. Bxd7 Rxd7 17. Kb1 Nd3 18. Rdf1 Nxf4 19. Ne1 Ng6 20. a3 Rg8 21. Rf2 Nh8 22. Rhf1 g5 23. Nd3 h5 24. g3 Bh6 25. Re2 g4 26. Nf4 Bxf4 27. Rxf4 Rg7 28. Ref2 Ng6 29. Rf6 Kc7 30. Kc2 Kd8 31. Kd3 Ke7 32. Nf1 Rc7 33. Rc2 Rxc2 34. Kxc2 Rg8 35. Kd2 Rc8 36. Ne3 Rc6 37. Rf2 Rc8 38. Rf6 Rf8 39. Kd3 Rc8 40. Kd2 1/2-1/2


[Site "https://www.chess.com"]

[Event "Titled Tuesday Blitz January 10 Late 2023"]
[White "Gutkin, Ilya"]
[Black "Adel, Sara"]
[WhiteFideId "16203470"]
[BlackFideId "10616764"]
[WhiteElo "2273"]
[BlackElo "1739"]
[Result "1-0"]
[Round "06"]
[TimeControl "180+2"]
[Date "2023.01.10"]
[WhiteClock "0:02:24"]
[BlackClock "0:00:25"]

1. Nf3 Nf6 2. g3 g6 3. b3 Bg7 4. Bb2 d6 5. d4 O-O 6. Bg2 Nc6 7. O-O e5 8. dxe5 Ng4 9. c4 Ncxe5 10. Nc3 Bf5 11. Qd2 Qd7 12. Nxe5 Bxe5 13. Bxb7 h5 14. Bf3 h4 15. Nd5 hxg3 16. hxg3 Rae8 17. Bxg4 Bxb2 18. Qxb2 1-0


[Site "https://www.chess.com"]

[Event "Titled Tuesday Blitz January 10 Late 2023"]
[White "Kosakowski, Jakub"]
[Black "ritanovikova"]
[WhiteFideId "1185080"]
[WhiteElo "2485"]
[BlackElo "2115"]
[Result "1-0"]
[Round "06"]
[TimeControl "180+2"]
[Date "2023.01.10"]
[WhiteClock "0:00:26"]
[BlackClock "0:00:04"]

1. Nf3 Nf6 2. g3 g6 3. Bg2 Bg7 4. O-O O-O 5. b3 Ne4 6. d4 d5 7. Bb2 b6 8. Nbd2 Bb7 9. e3 Nd7 10. c4 c6 11. Rc1 Ndf6 12. Ne5 Nxd2 13. Qxd2 Qd6 14. cxd5 cxd5 15. Rc2 Rac8 16. Rfc1 Rxc2 17. Rxc2 Rc8 18. h3 Nd7 19. Nd3 e6 20. Rxc8+ Bxc8 21. Qc1 Ba6 22. Ba3 Qb8 23. Nb4 Bb7 24. Nc6 Bxc6 25. Qxc6 Nf6 26. Bf1 h5 27. Bd6 Qd8 28. Bb5 Ne4 29. Bc7 Qf6 30. Qc2 Kh7 31. Kg2 Qg5 32. f3 Nxg3 33. h4 Qf5 34. Bd3 Qf6 35. Bxg3 Qe7 36. Kf1 Bf6 37. Qh2 Qa3 38. Qc2 Qe7 39. Qf2 Qa3 40. Kg2 Qc1 41. Bf4 Qc3 42. Qc2 Qxc2+ 43. Bxc2 Bxh4 44. Bb8 a6 45. Bc7 b5 46. a4 bxa4 47. bxa4 Bg5 48. f4 Be7 49. Bd3 f6 50. Bxa6 g5 51. fxg5 fxg5 52. Bc8 Ba3 53. Bxe6 Bc1 54. Kf2 h4 55. a5 1-0


[Site "https://www.chess.com"]

[Event "Titled Tuesday Blitz January 10 Late 2023"]
[White "Melikyan, Gnel"]
[Black "Jenkins, Drake"]
[WhiteFideId "54109990"]
[BlackFideId "2022397"]
[WhiteElo "2238"]
[BlackElo "2130"]
[Result "1-0"]
[Round "06"]
[TimeControl "180+2"]
[Date "2023.01.10"]
[WhiteClock "0:00:20"]
[BlackClock "0:00:02"]

1. h3 Nf6 2. Nf3 c5 3. e3 g6 4. Be2 Bg7 5. O-O O-O 6. c4 d5 7. cxd5 Nxd5 8. Nc3 Nc6 9. Qb3 Nb6 10. a3 Be6 11. Qc2 c4 12. Rd1 Qc8 13. d4 cxd3 14. Bxd3 Rd8 15. Ne4 Ne5 16. Nxe5 Qxc2 17. Bxc2 Bxe5 18. Nc5 Rdc8 19. Nxe6 Rxc2 20. Nd4 Rd8 21. b3 Bxd4 22. Rb1 e5 23. Bb2 Rd7 24. exd4 exd4 25. Bxd4 Nd5 26. Bxa7 f5 27. Be3 Kf7 28. Rd3 Ke6 29. Rbd1 Nf6 30. Bd4 Ne4 31. f3 Ng3 32. Re1+ Kf7 33. Red1 Ne2+ 34. Kf1 Rxd4 35. Rxd4 Nxd4 36. Rxd4 1-0


[Site "https://www.chess.com"]

[Event "Titled Tuesday Blitz January 10 Late 2023"]
[White "De Souza, Cristiano Gomes"]
[Black "Gurevich, Dmitry"]
[WhiteFideId "2151758"]
[BlackFideId "2000407"]
[WhiteElo "2018"]
[BlackElo "2393"]
[Result "0-1"]
[Round "06"]
[TimeControl "180+2"]
[Date "2023.01.10"]
[WhiteClock "0:00:30"]
[BlackClock "0:00:27"]

1. d4 Nf6 2. c4 a6 3. Nc3 c5 4. d5 b5 5. cxb5 axb5 6. Nxb5 Qa5+ 7. Nc3 Bb7 8. Bd2 Qb6 9. e4 e6 10. Be2 exd5 11. e5 Ne4 12. Nxe4 dxe4 13. Bc3 Nc6 14. Nh3 Nd4 15. Kf1 Nxe2 16. Kxe2 Ba6+ 17. Ke3 Be7 18. Nf4 O-O 19. h4 Bb7 20. Nd5 Qh6+ 21. Ke2 Bd8 22. g3 Ra6 23. Ne3 Bc6 24. Kf1 f6 25. Ng4 Qg6 26. h5 Qf5 27. h6 fxe5 28. hxg7 Rf6 29. Nxf6+ Bxf6 30. Qc2 Bb5+ 31. Kg1 Kxg7 32. Re1 Bd3 33. Qb3 c4 34. Qb7 Rd6 35. Re3 Be2 36. Qxe4 Qxe4 37. Rxe4 Rd1+ 38. Kh2 Rxh1+ 39. Kxh1 Bf3+ 40. Kg1 Bxe4 41. a4 d5 42. a5 d4 43. Bb4 Bb7 44. Bc5 e4 45. Kf1 d3 46. Ke1 Bxb2 0-1


[Site "https://www.chess.com"]

[Event "Titled Tuesday Blitz January 10 Late 2023"]
[White "Thiel, Thomas"]
[Black "Santos Flores, Alberto"]
[WhiteFideId "4615964"]
[BlackFideId "3601234"]
[WhiteElo "2234"]
[BlackElo "2164"]
[Result "1/2-1/2"]
[Round "06"]
[TimeControl "180+2"]
[Date "2023.01.10"]
[WhiteClock "0:01:50"]
[BlackClock "0:01:26"]

1. e4 c5 2. Nc3 Nc6 3. Bb5 g6 4. Bxc6 dxc6 5. d3 Bg7 6. Be3 b6 7. Qd2 e5 8. h3 Nf6 9. Nge2 Nd7 10. Bh6 O-O 11. O-O Re8 12. Bxg7 Kxg7 13. f4 exf4 14. Rxf4 Nf8 15. Raf1 f5 16. exf5 Bxf5 17. Ng3 Be6 18. Nge4 h6 19. Nf6 Re7 20. Nh5+ gxh5 21. Rxf8 Qxf8 22. Rxf8 Rxf8 23. Ne4 Bd5 24. Qc3+ Kg6 25. Qe1 Bxe4 26. dxe4 Rfe8 27. Qg3+ Kh7 28. Qf3 Rxe4 29. Qf7+ Kh8 30. Qf6+ Kg8 31. Qg6+ Kf8 32. Qf6+ Kg8 33. Qg6+ Kf8 34. Qf6+ Kg8 1/2-1/2


[Site "https://www.chess.com"]

[Event "Titled Tuesday Blitz January 10 Late 2023"]
[White "Belenkaya, Dina"]
[Black "Sohier, Julien"]
[WhiteFideId "24142654"]
[BlackFideId "645346"]
[WhiteElo "2267"]
[BlackElo "2214"]
[Result "1-0"]
[Round "06"]
[TimeControl "180+2"]
[Date "2023.01.10"]
[WhiteClock "0:00:39"]
[BlackClock "0:00:12"]

1. Nf3 d5 2. g3 Nf6 3. Bg2 g6 4. d3 Bg7 5. Nbd2 O-O 6. O-O c6 7. e4 Bg4 8. h3 Bxf3 9. Qxf3 e6 10. Re1 a5 11. e5 Nfd7 12. d4 c5 13. c3 Nc6 14. Qe3 Qb6 15. Nf3 a4 16. Qf4 Rac8 17. Qh4 cxd4 18. cxd4 Nb4 19. Rd1 f6 20. Bh6 fxe5 21. Ng5 Nf6 22. dxe5 Nh5 23. Bxg7 Kxg7 24. Rf1 h6 25. Nf3 Rf7 26. Nd4 Rc4 27. Rad1 Nc2 28. g4 Rxd4 29. Rxd4 Nxd4 30. gxh5 g5 31. Qg4 Rf4 32. Qd1 Nc6 33. Qd3 Rf5 34. Bxd5 Nxe5 35. Qc3 Kf7 36. Be4 Rf4 37. Qxe5 1-0


[Site "https://www.chess.com"]

[Event "Titled Tuesday Blitz January 10 Late 2023"]
[White "Smith, Garrett L"]
[Black "Weisz, Bryan"]
[WhiteFideId "2024829"]
[BlackFideId "30934133"]
[WhiteElo "2047"]
[BlackElo "1973"]
[Result "1-0"]
[Round "06"]
[TimeControl "180+2"]
[Date "2023.01.10"]
[WhiteClock "0:00:36"]
[BlackClock "0:00:10"]

1. e4 c6 2. d4 d5 3. e5 Bf5 4. Nd2 e6 5. Nb3 c5 6. dxc5 Bxc5 7. Bb5+ Nc6 8. Nf3 Ne7 9. O-O Bb6 10. Bg5 O-O 11. c3 Qc7 12. Re1 Ng6 13. Bxc6 bxc6 14. Nbd4 Bg4 15. h3 Bxf3 16. Nxf3 f6 17. exf6 gxf6 18. Bh6 Rfe8 19. Qd2 e5 20. a4 e4 21. Nd4 Qe5 22. g3 c5 23. Nb5 a6 24. a5 Bd8 25. Na3 Bxa5 26. Nc4 dxc4 27. Rxa5 Rad8 28. Qe2 Rd3 29. Rxa6 f5 30. Qh5 Rxg3+ 31. fxg3 Qxg3+ 32. Kf1 e3 33. Qxf5 Qh4 34. Rxe3 Rxe3 35. Ra8+ 1-0


[Site "https://www.chess.com"]

[Event "Titled Tuesday Blitz January 10 Late 2023"]
[White "Mazurkiewicz, Michal"]
[Black "Kabilov, Amin"]
[WhiteFideId "1124943"]
[BlackFideId "14700859"]
[WhiteElo "2145"]
[BlackElo "2207"]
[Result "0-1"]
[Round "06"]
[TimeControl "180+2"]
[Date "2023.01.10"]
[WhiteClock "0:00:33"]
[BlackClock "0:00:20"]

1. e4 e5 2. Nf3 d6 3. d4 exd4 4. Nxd4 Nf6 5. Nc3 Be7 6. Be2 O-O 7. O-O Re8 8. f4 Bf8 9. Bf3 c5 10. Nde2 Nc6 11. h3 Rb8 12. a4 Bd7 13. g4 h6 14. Be3 Nb4 15. Ng3 Bc6 16. g5 hxg5 17. fxg5 Nd7 18. Bg2 Ne5 19. Qe2 Qc7 20. Nb5 Bxb5 21. axb5 d5 22. c3 Nbd3 23. exd5 Nc4 24. Qxd3 Rxe3 25. Qxc4 Qxg3 26. Qf4 Bd6 27. Qf6 gxf6 0-1


[Site "https://www.chess.com"]

[Event "Titled Tuesday Blitz January 10 Late 2023"]
[White "Vasques, Antonio Pedro Freixial"]
[Black "Sabar, Ethmane Daouda"]
[WhiteFideId "1908332"]
[BlackFideId "19600097"]
[WhiteElo "2214"]
[BlackElo "2040"]
[Result "1-0"]
[Round "06"]
[TimeControl "180+2"]
[Date "2023.01.10"]
[WhiteClock "0:00:13"]
[BlackClock "0:00:08"]

1. e4 c5 2. Nc3 Nc6 3. Bb5 Nd4 4. Nf3 Nxb5 5. Nxb5 a6 6. Nc3 d6 7. d4 cxd4 8. Qxd4 e5 9. Qd3 Be7 10. Be3 Nf6 11. O-O-O O-O 12. h3 b5 13. g4 Be6 14. g5 Nh5 15. Kb1 Qa5 16. Nh4 Rfd8 17. Nd5 Bf8 18. Bb6 Qa4 19. Bxd8 Rxd8 20. b3 Qa3 21. Nf5 Qc5 22. Qf3 Nf4 23. Nxf4 exf4 24. Qxf4 a5 25. Rhg1 Bxf5 26. Qxf5 Qc3 27. Qxb5 g6 28. Qd3 Qe5 29. Qd4 Qe7 30. f4 Bg7 31. e5 h5 32. gxh6 Bxh6 33. f5 Kh7 34. exd6 Qd7 35. fxg6+ fxg6 36. Qg4 Qg7 37. Rge1 Rd7 38. Qxd7 Qxd7 39. Re7+ Qxe7 40. dxe7 1-0


[Site "https://www.chess.com"]

[Event "Titled Tuesday Blitz January 10 Late 2023"]
[White "Bulgurlu, Okan"]
[Black "Abdyzhaparov, Aidar"]
[WhiteFideId "6352316"]
[BlackFideId "13800361"]
[WhiteElo "1908"]
[BlackElo "1978"]
[Result "1/2-1/2"]
[Round "06"]
[TimeControl "180+2"]
[Date "2023.01.10"]
[WhiteClock "0:00:05"]
[BlackClock "0:00:28"]

1. e4 d6 2. Nf3 Nf6 3. Nc3 e5 4. Bc4 Be7 5. d4 Nbd7 6. dxe5 dxe5 7. Bxf7+ Kxf7 8. Ng5+ Kg8 9. Ne6 Qe8 10. Nxc7 Qg6 11. Nxa8 Qxg2 12. Rf1 Nc5 13. Be3 Bh3 14. Qe2 Qxf1+ 15. Qxf1 Bxf1 16. Kxf1 Kf7 17. Nc7 Ncxe4 18. Nxe4 Nxe4 19. Bxa7 Rc8 20. Nd5 Rxc2 21. Re1 Nd2+ 22. Kg2 Nc4 23. b3 Rxa2 24. bxc4 Rxa7 25. Rxe5 Bd6 26. Re4 Ra4 27. Nb6 Rb4 28. Nd5 Rb2 29. h3 g5 30. Kf3 Bc5 31. Re2 Rb3+ 32. Kg4 b5 33. cxb5 Rxb5 34. Re5 h6 35. h4 gxh4 36. Nc3 Rb4+ 37. Kf5 Bxf2 38. Ne4 Bg3 39. Nd6+ Kg7 40. Re7+ Kf8 41. Re8+ Kg7 42. Re7+ Kf8 43. Re8+ Kg7 44. Re7+ 1/2-1/2


[Site "https://www.chess.com"]

[Event "Titled Tuesday Blitz January 10 Late 2023"]
[White "Papp, Petra"]
[Black "Aspire_ie"]
[WhiteFideId "739049"]
[WhiteElo "2343"]
[BlackElo "2352"]
[Result "0-1"]
[Round "06"]
[TimeControl "180+2"]
[Date "2023.01.10"]
[WhiteClock "0:00:07"]
[BlackClock "0:00:34"]

1. e4 d6 2. d4 Nf6 3. Nc3 g6 4. Be3 c6 5. Qd2 b5 6. O-O-O b4 7. Nce2 Nxe4 8. Qxb4 Bg7 9. f3 Nf6 10. g4 Nd5 11. Qd2 Nxe3 12. Qxe3 Nd7 13. h4 h5 14. Nf4 hxg4 15. Bd3 Nf6 16. Kb1 Nd5 17. Nxd5 cxd5 18. Qg5 Be6 19. fxg4 Bh6 20. Bb5+ Kf8 21. Nf3 Bxg5 22. Nxg5 Bxg4 23. Rdf1 Bf5 24. h5 e6 25. Rhg1 Rxh5 26. Nf3 Kg7 27. Rg3 Qb6 28. Be2 Rc8 29. Ne1 Rh2 30. Bd1 Qxd4 31. Kc1 Qe5 32. Nf3 Qxg3 33. Kb1 0-1


[Site "https://www.chess.com"]

[Event "Titled Tuesday Blitz January 10 Late 2023"]
[White "Rosenberg, Evan S"]
[Black "Sailer, Mike"]
[WhiteFideId "2019299"]
[BlackFideId "2012901"]
[WhiteElo "1956"]
[BlackElo "2109"]
[Result "1-0"]
[Round "06"]
[TimeControl "180+2"]
[Date "2023.01.10"]
[WhiteClock "0:00:38"]
[BlackClock "0:00:04"]

1. d4 d5 2. Nf3 Bf5 3. c4 e6 4. Qb3 Nc6 5. Bd2 Rb8 6. e3 Nf6 7. Nh4 Bxb1 8. Rxb1 Ne4 9. Nf3 Nxd2 10. Nxd2 Bb4 11. cxd5 Bxd2+ 12. Kxd2 exd5 13. Bd3 O-O 14. h4 f5 15. Rbc1 Kh8 16. g3 Na5 17. Qc3 c6 18. b4 Nc4+ 19. Bxc4 dxc4 20. Qxc4 a5 21. b5 cxb5 22. Qxb5 Qe7 23. Ke2 f4 24. gxf4 Rxf4 25. Qe5 Qxe5 26. dxe5 Ra4 27. Rc2 Kg8 28. f4 b5 29. h5 b4 30. h6 g6 31. Rd1 b3 32. axb3 Rxb3 33. Rd7 Rab4 34. Rc8# 1-0


[Site "https://www.chess.com"]

[Event "Titled Tuesday Blitz January 10 Late 2023"]
[White "Delaere, Jeroen"]
[Black "Vaglio Munoz, Jaime"]
[WhiteFideId "204129"]
[BlackFideId "6500145"]
[WhiteElo "2104"]
[BlackElo "2174"]
[Result "1-0"]
[Round "06"]
[TimeControl "180+2"]
[Date "2023.01.10"]
[WhiteClock "0:00:03"]
[BlackClock "0:01:02"]

1. d4 c6 2. c4 b5 3. cxb5 cxb5 4. e4 Bb7 5. Bd3 Nf6 6. Nd2 Nc6 7. Ngf3 a6 8. O-O e6 9. a3 d6 10. Qe2 Be7 11. Re1 e5 12. d5 Nb8 13. Nf1 O-O 14. Ng3 Re8 15. Nf5 Bf8 16. Bg5 Nbd7 17. Rac1 h6 18. Bh4 g6 19. Ne3 Qb6 20. Kh1 Bg7 21. h3 Nh5 22. Ng4 Nc5 23. Bb1 Nf4 24. Qe3 b4 25. Bg3 bxa3 26. bxa3 g5 27. h4 Qd8 28. hxg5 hxg5 29. Qc3 Bc8 30. Ne3 Rb8 31. Nf5 Bxf5 32. Bxf4 gxf4 33. exf5 Rb3 34. Qc2 Rxf3 35. f6 Qxf6 36. Qh7+ Kf8 37. gxf3 Ke7 38. Qf5 Qh6+ 39. Kg1 Rh8 40. Kf1 Rb8 41. Rxc5 Qh1+ 42. Ke2 Rb2+ 43. Bc2 Qh6 44. Rc7+ Ke8 45. Qxf7+ Kd8 46. Qd7# 1-0


[Site "https://www.chess.com"]

[Event "Titled Tuesday Blitz January 10 Late 2023"]
[White "Zanette, Edgard Vinicius"]
[Black "Michalski, Olaf"]
[WhiteFideId "2109263"]
[BlackFideId "1106740"]
[WhiteElo "2085"]
[BlackElo "2273"]
[Result "1-0"]
[Round "06"]
[TimeControl "180+2"]
[Date "2023.01.10"]
[WhiteClock "0:00:13"]
[BlackClock "0:00:01"]

1. e4 c5 2. Nc3 a6 3. f4 b5 4. Nf3 Bb7 5. d3 e6 6. g3 f5 7. exf5 exf5 8. Bg2 Nf6 9. O-O Be7 10. Ne5 Bxg2 11. Kxg2 d5 12. Qf3 b4 13. Ne2 O-O 14. Be3 Nbd7 15. Nc6 Qe8 16. Nxe7+ Qxe7 17. Rae1 Rfe8 18. Bd2 Qf7 19. h3 d4 20. Nc1 Nd5 21. Nb3 a5 22. Rxe8+ Rxe8 23. Nxa5 Ne3+ 24. Bxe3 Rxe3 25. Qa8+ Re8 26. Qc6 h5 27. Rf2 Re6 28. Qd5 Kh7 29. Nc4 Nf6 30. Qxf5+ g6 31. Qxc5 Qb7+ 32. Kg1 Re1+ 33. Rf1 Rxf1+ 34. Kxf1 Qf3+ 35. Ke1 Qxg3+ 36. Ke2 Qg2+ 37. Ke1 Qh1+ 38. Kf2 Qxh3 39. Qe7+ Kh6 40. Qe4 Ng4+ 41. Ke2 Qh2+ 42. Kd1 Nf2+ 43. Ke1 1-0


[Site "https://www.chess.com"]

[Event "Titled Tuesday Blitz January 10 Late 2023"]
[White "Guimaraes, Wagner Peixoto"]
[Black "Harish, Neeraj"]
[WhiteFideId "2100940"]
[BlackFideId "30958130"]
[WhiteElo "2194"]
[BlackElo "2232"]
[Result "1/2-1/2"]
[Round "06"]
[TimeControl "180+2"]
[Date "2023.01.10"]
[WhiteClock "0:00:20"]
[BlackClock "0:00:18"]

1. c4 e5 2. g3 Nf6 3. Bg2 d5 4. cxd5 Nxd5 5. Nc3 Nb6 6. Nf3 Nc6 7. O-O Be7 8. d3 O-O 9. Be3 Be6 10. Rc1 f6 11. a3 Nd5 12. Bd2 Qd7 13. Ne4 Rad8 14. Nc5 Bxc5 15. Rxc5 Nce7 16. Re1 b6 17. Rc1 c5 18. b4 cxb4 19. axb4 Rc8 20. Rxc8 Rxc8 21. Qa1 Nc6 22. Qb2 Qe7 23. Rf1 Ndxb4 24. Rc1 Nd5 25. e4 Ndb4 26. Bxb4 Qxb4 27. Qe2 Nd4 28. Rxc8+ Bxc8 29. Nxd4 Qxd4 30. Qa2+ Kf8 31. Qxa7 Qxd3 32. Qb8 Qc2 33. Qxb6 Qc1+ 34. Bf1 Bh3 35. Qb5 Kf7 36. Qc4+ Qxc4 37. Bxc4+ Kg6 38. f3 Bd7 39. Kf2 h5 40. h4 Kh6 41. Be2 g5 42. hxg5+ Kxg5 43. Bd3 Bc6 44. Bc2 h4 45. gxh4+ Kxh4 46. Bd3 Kg5 47. Be2 Kf4 48. Bd3 Ba4 49. Be2 Bb3 50. Bd3 Bd1 51. Be2 Bxe2 52. Kxe2 Kg3 53. Ke3 Kh4 54. f4 Kg4 55. fxe5 fxe5 56. Ke2 Kf4 57. Kf2 Kxe4 58. Ke2 Kd4 59. Kd2 e4 60. Ke2 e3 61. Ke1 Ke4 62. Ke2 Kd4 63. Ke1 Kd3 64. Kd1 e2+ 65. Ke1 Ke3 1/2-1/2


[Site "https://www.chess.com"]

[Event "Titled Tuesday Blitz January 10 Late 2023"]
[White "Thomas, Anysia"]
[Black "Corredor Castellanos, Camilo"]
[WhiteFideId "670472"]
[BlackFideId "4425871"]
[WhiteElo "2147"]
[BlackElo "1957"]
[Result "0-1"]
[Round "06"]
[TimeControl "180+2"]
[Date "2023.01.10"]
[WhiteClock "0:00:09"]
[BlackClock "0:00:23"]

1. d4 Nf6 2. c4 e6 3. Nf3 d5 4. g3 dxc4 5. Bg2 a6 6. O-O Nc6 7. e3 Rb8 8. Nfd2 Na5 9. Qa4+ c6 10. Nxc4 Nxc4 11. Qxc4 Be7 12. Nc3 O-O 13. e4 b5 14. Qd3 Bb7 15. Bf4 Rc8 16. Rfd1 Qb6 17. Rac1 Rfd8 18. Be3 Qa5 19. Qc2 h6 20. h3 Qc7 21. Bf4 Qb6 22. Be3 Qc7 23. Bf4 Qa5 24. Be3 Nd7 25. a3 b4 26. axb4 Qxb4 27. Na4 c5 28. dxc5 Ne5 29. f4 Nc6 30. Nb6 Rxd1+ 31. Rxd1 Rd8 32. Rxd8+ Bxd8 33. Qd3 Qxb2 34. Nc4 Qa1+ 35. Kh2 Qa2 36. Nd6 Ba8 37. Nc4 a5 38. Ne5 Be7 39. Qd7 Nxe5 40. fxe5 Bf8 41. Qd8 Bxe4 42. Qd2 Qxd2 43. Bxd2 Bxg2 44. Kxg2 Bxc5 45. Bxa5 Bd4 46. Bc7 Kh7 47. Kf3 Kg6 48. Ke4 Bb2 49. g4 Kg5 50. Bd8+ f6 51. exf6 Bxf6 52. Bc7 Kh4 53. Bf4 Kxh3 54. Kf3 e5 55. Be3 e4+ 56. Kxe4 Kxg4 57. Kd3 Kf3 58. Bc5 h5 59. Bd6 h4 60. Kc4 h3 61. Kd5 Kg2 62. Ke6 h2 63. Bxh2 Kxh2 64. Kf5 Kg3 65. Kg6 Kf4 66. Kf7 g5 67. Kg6 g4 68. Kh5 g3 69. Kg6 g2 70. Kf7 g1=Q 71. Kxf6 Qg5+ 72. Kf7 Kf5 73. Kf8 Kf6 0-1


[Site "https://www.chess.com"]

[Event "Titled Tuesday Blitz January 10 Late 2023"]
[White "Cueto, Jonny"]
[Black "Dias, Joao Batista"]
[WhiteFideId "3300145"]
[BlackFideId "2108240"]
[WhiteElo "2122"]
[BlackElo "1796"]
[Result "1-0"]
[Round "06"]
[TimeControl "180+2"]
[Date "2023.01.10"]
[WhiteClock "0:00:21"]
[BlackClock "0:01:21"]

1. d4 d5 2. Bf4 Nf6 3. e3 g6 4. Nc3 Bg7 5. h4 h5 6. Be2 c6 7. Nf3 Nbd7 8. Qd2 Nf8 9. Ne5 Ne6 10. Bg3 a5 11. f3 a4 12. a3 O-O 13. Bf2 c5 14. g4 cxd4 15. exd4 hxg4 16. fxg4 Ne4 17. Nxe4 dxe4 18. O-O-O Bxe5 19. dxe5 Qxd2+ 20. Rxd2 Nf4 21. Bc4 Be6 22. Be3 Bxc4 23. Bxf4 Rfd8 24. Rhd1 Rxd2 25. Rxd2 Be6 26. g5 Kf8 27. Rd4 b5 28. Kd2 Rc8 29. c3 Bf5 30. Ke3 Rc6 31. Rd5 Rb6 32. Rc5 e6 33. Kf2 Ke7 34. Be3 Rb8 35. Rc7+ Ke8 36. Bc5 Kd8 37. Rxf7 Ke8 38. Re7+ Kd8 39. Rf7 Ke8 40. Rf8+ 1-0


[Site "https://www.chess.com"]